 Dungeon Crawl Stone Soup version 0.30.1-3-gfc49f6343a (webtiles) character file.

Game seed: 25485341182890881

12 Peloso the Covered (level 2, 24/24 HPs)
             Began as a Minotaur Fighter on July 19, 2023.
             Got out of the dungeon alive.
             The game lasted 00:01:26 (454 turns).

Peloso the Covered (Minotaur Fighter)                Turns: 454, Time: 00:01:27

Health: 24/24      AC:  7    Str: 17 (20) XL:     2   Next: 20%
Magic:  1/1        EV:  9    Int:  3 (5)  God:
Gold:   21         SH:  4    Dex:  7 (9)  Spells: 1/1 levels left

rFire   . . .        a - +0 long sword
rCold   . . .        c - +0 buckler
rNeg    . . .        b - +0 scale mail
rPois   .            (helmet restricted)
rElec   .            (no cloak)
rCorr   .            (no gloves)
SInv    +            (no boots)
Will    .....        (no amulet) Stlth
                     (no ring)
HPRegen 0.24/turn    (no ring)
MPRegen 0.07/turn

%: no passive effects
@: no status effects
A: horns 2, retaliatory headbutt, see invisible, frail 1, inability to drink
after injury 1
a: no special abilities


You escaped.
You visited 1 branch of the dungeon, and saw 1 of its levels.

You collected 21 gold pieces.

Inventory:

Hand Weapons
 a - a +0 long sword (weapon)
Armour
 b - a +0 scale mail (worn)
 c - a +0 buckler (worn)
Scrolls
 f - a scroll of teleportation {unknown}
Potions
 d - a potion of might
 g - a potion of invisibility
 i - a potion of haste {unknown}


   Skills:
 + Level 3.8 Fighting
 + Level 2.6 Long Blades
 + Level 3.9 Armour
 + Level 3.9 Shields


You had one spell level left.
You didn't know any spells.
Your spell library was empty.

Dungeon Overview and Level Annotations

Branches:
Dungeon (1/15)

Altars:


Innate Abilities, Weirdness & Mutations

You have a pair of horns on your head.
You reflexively headbutt those who attack you in melee.
You have supernaturally acute eyesight. (SInv)
You are frail. (-10% HP)
You occasionally lose the ability to drink potions when taking damage.


Message History

You open the door.
There is an open door here.
Found a stone staircase leading down.
A frilled lizard comes into view.
The frilled lizard hisses angrily.
A frilled lizard is nearby!
A frilled lizard is nearby!
The frilled lizard barely misses you.
You barely miss the frilled lizard.
Your headbutt misses the frilled lizard.
The frilled lizard bites you but does no damage.
The frilled lizard bites you.
You miss the frilled lizard.
Your headbutt misses the frilled lizard.
The frilled lizard bites you but does no damage.
You completely miss the frilled lizard. The frilled lizard closely misses you.
You furiously retaliate!
You headbutt the frilled lizard.
You kill the frilled lizard!
It was a potion of degeneration.
There was something very wrong with that liquid.
You feel weakened.
You feel dopey.
You feel clumsy.
It was a potion of invisibility.
You fade into invisibility!
It was a potion of mutation.
You feel extremely strange.
Your body twists and deforms.
You feel resistant to poisons.
Your vision sharpens.
You can't go down here!
Really quaff the potion of mutation?
You feel extremely strange.
You feel less resistant to poisons.
Your body's shape seems more normal.
You occasionally lose the ability to drink potions when taking damage.
You feel frail.
(D) Dungeon
Where to? (? - help)
What level of the Dungeon? (default 1, ? - help)
You flicker for a moment.
You flicker back into view.
There is a staircase leading out of the dungeon here.
Are you sure you want to leave the Dungeon?
This will make you lose the game!
You have escaped!

#..†..#.#
#........##.#.#..######
#.#.#†..#
#..###.#.##...........†
#.#.....# #..# #...
###.##..#####
..###.#..##..#
#.####....#....... ..#
#.#......#
#......#.........#
..###.#####...
#..#.####.#.##....
..#...#
##.....##.####.........
#.#.######
#######.#######.#...#.
#........#######@#.###
#.#.#.#.
###.##......#####.###
#.#...#.
###.##.#..##..###.###
##.###.##
#.)†##.#..####..~~##.#
#........
.......#....#.##~~..#
#.####...
~~~~~P.##.#.####.###..#
. #.#.
~P~.........####.#### .
#.#.
≈~~~.~P...#.###.#∩####
#.#.
≈≈~P~~......###.### ##
#####.#.


There were no monsters in sight!

Vanquished Creatures
  2 ball pythons (D:1)
  4 goblins (D:1)
  2 quokkas (D:1)
  A bat (D:1)
  3 frilled lizards (D:1)
12 creatures vanquished.

Notes
Turn   | Place    | Note
-------+----------+-------------------------------------------
     0 | D:1      | Peloso the Minotaur Fighter began the quest for the Orb.
     0 | D:1      | Reached XP level 1. HP: 19/19 MP: 0/0
   293 | D:1      | Reached XP level 2. HP: 27/27 MP: 1/1
   429 | D:1      | Gained mutation: Armour fits poorly on your strangely
                  | shaped body. [potion of mutation]
   429 | D:1      | Gained mutation: Your system is resistant to poisons.
                  | (rPois) [potion of mutation]
   429 | D:1      | Gained mutation: You have supernaturally acute eyesight.
                  | (SInv) [potion of mutation]
   430 | D:1      | Lost mutation: Your system is resistant to poisons. (rPois)
                  | [potion of mutation]
   430 | D:1      | Lost mutation: Armour fits poorly on your strangely shaped
                  | body. [potion of mutation]
   430 | D:1      | Gained mutation: You occasionally lose the ability to drink
                  | potions when taking damage. [potion of mutation]
   430 | D:1      | Gained mutation: You are frail. (-10% HP) [potion of
                  | mutation]
   454 | D:$      | Got out of the dungeon alive.

Illustrated notes

Levels and vault maps discovered:
D:1:      spicycebolla_green_bress_n_ham_2, layout_basic, serial_bayou_pond_b

Action                     || total
---------------------------++-------
  Melee: Long sword        ||    26
         Headbutt          ||     1
    Use: Potion            ||     4
 Armour: Scale mail        ||    13
  Dodge: Dodged            ||    13
  Block: Buckler           ||     5
